 Dungeon Crawl Stone Soup version 0.25.1-9-gc5326a611f (webtiles) character file.

Game seed: 6429895819378357875

204665 funkygono the Peltast (level 18, -9/124 HPs)
             Began as a Gargoyle Fighter on Dec 20, 2020.
             Was a High Priest of Okawaru.
             Mangled by a snapping turtle (12 damage)
             ... on level 3 of the Shoals on Dec 27, 2020.
             The game lasted 02:21:56 (38050 turns).

funkygono the Peltast (Gargoyle Fighter)           Turns: 38050, Time: 02:21:56

Health: -9/124     AC: 47    Str: 36    XL:     18   Next: 65%
Magic:  22/22      EV: 18    Int: 16    God:    Okawaru [*****.]
Gold:   2467       SH: 29    Dex: 18    Spells: 16/17 levels left

rFire    + . .     SeeInvis +   a - +7 demon whip of Calculation {flame, rC- Str+9 Int+6 Stlth+}
rCold    . . .     Gourm    .   K - +4 kite shield {AC+3}
rNeg     + + .     Faith    .   n - +6 chain mail {rF+}
rPois    ∞         Spirit   .   k - +0 helmet {SInv}
rElec    +         Reflect  +   A - +2 cloak
rCorr    .         Harm     .   i - +2 pair of gloves {Dex+3}
MR       ++...                  Y - +0 pair of boots
Stlth    +.........             l - amulet of reflection
HPRegen  0.30/turn              v - ring of positive energy
MPRegen  0.18/turn              Z - ring of Enygi {rPois rC+ MR+ Dex+6}

@: mighty, heroism, finesse, flying, glowing, studying Fighting
A: big wings, negative energy resistance 1, electricity resistance, unbreathing,
petrification resistance, rot immunity, AC +13
}: 1/15 runes: serpentine
a: Stop Flying, Heroism, Finesse, Renounce Religion


You were on level 3 of the Shoals.
You worshipped Okawaru.
Okawaru was extremely pleased with you.
You were not hungry.

You visited 6 branches of the dungeon, and saw 31 of its levels.
You visited 1 bazaar.
You also visited: Sewer, Ossuary and Ice Cave.

You collected 3259 gold pieces.
You spent 792 gold pieces at shops.

Inventory:

Hand Weapons
 a - the +7 demon whip of Calculation (weapon) {flame, rC- Str+9 Int+6 Stlth+}
   (You bought it in a shop in a bazaar)

   It has been specially enchanted to burn those struck by it, causing extra
   injury to most foes and up to half again as much damage against particularly
   susceptible opponents.
   It affects your strength (+9).
   It affects your intelligence (+6).
   It makes you vulnerable to cold.
   It makes you more stealthy.
 b - the +11 hand crossbow of Fotzo {speed, Str+3 Int+4}
   (Okawaru gifted it to you on level 13 of the Dungeon)

   Attacks with this weapon are significantly faster.
   It affects your strength (+3).
   It affects your intelligence (+4).
 j - a +4 hunting sling of flaming
Missiles
 y - 569 bolts
Armour
 i - a +2 pair of gloves of dexterity (worn)
 k - a +0 helmet of see invisible (worn)
 n - a +6 chain mail of fire resistance (worn)
 A - a +2 cloak (worn)
 E - a +1 hat
 K - a +4 kite shield of protection (worn)
 Q - the +2 cloak "Pures" {+Fly Regen+ Str-3}
   (Okawaru gifted it to you on level 14 of the Dungeon)

   It affects your strength (-3).
   It lets you fly.
   It increases your rate of regeneration.
 W - +0 fire dragon scales
 Y - a +0 pair of boots (worn)
Jewellery
 e - an uncursed ring of see invisible
 l - an amulet of reflection (around neck)
 v - a ring of positive energy (left hand)
 x - an uncursed ring of protection from magic
 G - an uncursed ring of protection from fire
 N - an uncursed ring of magical power
 Z - the ring of Enygi (right hand) {rPois rC+ MR+ Dex+6}
   (You found it on level 10 of the Dungeon)

   [ring of dexterity]

   It affects your dexterity (+6).
   It protects you from cold.
   It protects you from poison.
   It affects your resistance to hostile enchantments.
Wands
 g - a wand of digging (20)
 q - a wand of clouds (4)
 L - a wand of iceblast (55)
 M - a wand of paralysis (9)
 O - a wand of acid (9)
 S - a wand of flame (37)
 T - a wand of disintegration (13)
Scrolls
 c - 5 scrolls of identify
 o - 9 scrolls of remove curse
 p - 12 scrolls of teleportation
 s - a scroll of summoning
 t - 3 scrolls of blinking
 z - 2 scrolls of magic mapping
 I - a scroll of brand weapon
 P - 4 scrolls of fear
 R - a scroll of fog
Potions
 d - a potion of might
 h - 19 potions of curing
 m - a potion of resistance
 r - a potion of haste
 u - 5 potions of heal wounds
 w - a potion of cancellation
 B - a potion of mutation
 C - 2 potions of berserk rage
 F - a potion of magic
 H - 2 potions of invisibility
 X - a potion of ambrosia
Books
 J - a manual of Fighting
Comestibles
 f - 46 rations


   Skills:
 + Level 17.6(22.6) Fighting
 + Level 13.9(18.9) Maces & Flails
 + Level 12.3(17.3) Crossbows
 + Level 1.6(6.6) Throwing
 + Level 12.1(17.1) Armour
 + Level 6.1(11.1) Dodging
 + Level 19.8(24.8) Shields
 + Level 6.5 Invocations
 + Level 0.2 Evocations


You had 16 spell levels left.
You knew the following spells:

 Your Spells              Type           Power        Failure   Level  Hunger
a - Sandblast             Erth           #.....       54%         1    ##.....

Your spell library contained the following spells:

 Spells                   Type           Power        Failure   Level  Hunger
 Corona                   Hex            #......      54%         1    ##.....
 Freeze                   Ice            #...         54%         1    ##.....
 Infusion                 Chrm           #...         54%         1    ##.....
 Shock                    Conj/Air       #...         54%         1    ##.....
 Ensorcelled Hibernation  Hex/Ice        #.....       67%         2    ###....
 Passwall                 Tmut/Erth      #.......     67%         2    ###....
 Swiftness                Chrm/Air       #.......     67%         2    ###....
 Confusing Touch          Hex            #.......     88%         3    ####...
 Dazzling Flash           Conj/Hex       #.....       88%         3    ####...
 Frozen Ramparts          Ice            #.....       88%         3    ####...
 Gell's Gravitas          Tloc           #.........   88%         3    ####...
 Mephitic Cloud           Conj/Pois/Air  #.......     88%         3    ####...
 Ozocubu's Armour         Chrm/Ice       #.......     88%         3    ####...
 Static Discharge         Conj/Air       #.......     88%         3    ####...
 Stone Arrow              Conj/Erth      #.....       88%         3    ####...
 Tukima's Dance           Hex            #.......     88%         3    ####...
 Airstrike                Air            #.........   99%         4    #####..
 Hailstorm                Conj/Ice       #.......     99%         4    #####..
 Ice Form                 Ice/Tmut       #.......     99%         4    #####..
 Petrify                  Tmut/Erth      #.......     99%         4    #####..
 Summon Ice Beast         Ice/Summ       #.......     99%         4    #####..
 Excruciating Wounds      Chrm/Necr      #.........   100%        5    ######.
 Lee's Rapid Deconstruct  Erth           #.........   100%        5    ######.
 Lightning Bolt           Conj/Air       #.........   100%        5    ######.
 Metabolic Englaciation   Hex/Ice        #.........   100%        5    ######.
 Yara's Violent Unravell  Hex/Tmut       #.........   100%        5    ######.
 Freezing Cloud           Conj/Ice/Air   #.........   100%        6    #######
 Ozocubu's Refrigeration  Ice            #.........   100%        6    #######
 Simulacrum               Ice/Necr       #.........   100%        6    #######


Dungeon Overview and Level Annotations

Branches:
Dungeon (15/15)            Temple (1/1) D:4            Lair (6/6) D:10
 Shoals (3/4) Lair:3        Snake (4/4) Lair:3        Slime (0/5) Lair:6
    Orc (2/2) D:12            Elf (0/3) Orc:2        Vaults (0/5) D:14
 Depths (0/5) D:15          Sewer (visited)         Ossuary (visited)
  IceCv (visited)

Altars:
Ashenzari
Cheibriados
Dithmenos
Elyvilon
Fedhas
Gozag
Hepliaklqana
Kikubaaqudgha
Makhleb
Nemelex Xobeh
Okawaru
Qazlal
Ru
Sif Muna
Trog
Uskayaw
Vehumet
Wu Jian
Xom
Yredelemnul
Zin
The Shining One
Beogh

Shops:
D:4 [   D:8 ?   D:14 [   Orc:2 ?%(!   Shoals:2 *}[

Portals:
Trove: D:15 (give +4 storm dragon scales)


Innate Abilities, Weirdness & Mutations

You are resistant to torment.
Your stone body is resilient. (AC +13)
You are immune to poison.
Your large and strong wings let you fly indefinitely.
You resist negative energy. (rN+)
You are resistant to electric shocks. (rElec)
You can survive without breathing.
You are immune to petrification.
You are immune to rotting.


Message History

The faun is almost dead.
The snapping turtle bites you from afar!
* * * LOW HITPOINT WARNING * * *
You punish the faun, causing immense pain!!!
You burn the faun.
You kill the faun!
Okawaru accepts your kill. You block the merfolk's attack.
You thrash the merfolk!! You burn the merfolk!
The merfolk is severely wounded.
You block the merfolk's attack. x2
You punish the merfolk, causing immense pain!!!
You burn the merfolk.
You kill the merfolk!
Okawaru accepts your kill.
You hear a splash. x2
The faun shoots a sling bullet.
The sling bullet hits you but does no damage.
The snapping turtle bites you from afar!
You die...

≈≈≈...... .≈≈≈≈
≈≈≈≈≈≈..##.≈≈(≈≈
≈≈≈≈≈≈..#.≈≈≈≈≈.
≈≈≈≈≈≈≈...(≈≈≈≈.
≈≈≈≈≈≈≈≈≈≈≈≈≈≈..
≈≈≈≈≈≈≈≈≈≈≈≈≈≈..
≈≈≈≈≈≈≈m≈≈≈≈≈..#
≈≈≈≈≈c)()†....#
≈≈≈≈≈m)@<######
≈≈≈≈≈≈))##
≈≈≈≈≈t≈)#
≈≈≈((((..
≈≈≈≈≈.### ≈≈≈≈≈.
≈≈≈≈≈. ≈≈≈≈≈.


You could see a snapping turtle, 2 merfolk and a faun.

Vanquished Creatures
  Rupert (D:13)
  Jorgrun (D:13)
  2 krakens
  Frances (D:14)
  Ilsuiw (Shoals:2)
  Kirke (D:13)
  The ghost of Witt the Fighter, an adept GrFi of Ashenzari (Shoals:2)
  8 nagarajas
  Azrael (D:12)
  2 merfolk javelineers
  Snorg (D:11)
  An ettin (Orc:1)
  Josephine (D:13)
  2 fire dragons (D:15)
  5 merfolk impalers
  2 vault guards (D:14)
  Harold (Orc:1)
  Erolcha (Orc:2)
  Fannar (D:10)
  3 hydras
  13 naga warriors
  3 catoblepae (Lair:6)
  A centaur warrior (D:9)
  A merfolk aquamancer (Shoals:1)
  An anaconda (Snake:1)
  3 tengu warriors
  5 two-headed ogres
  2 orc high priests
  8 death yaks
  A satyr (Shoals:3)
  13 naga sharpshooters
  10 shock serpents
  A salamander mystic (Snake:2)
  9 sea snakes
  2 unseen horrors
  10 naga ritualists
  An obsidian statue (D:9)
  2 oklob plants (Lair:1)
  2 orc knights
  3 necromancers
  2 deep elf magi (D:15)
  10 mana vipers
  4 orc sorcerers (Orc:2)
  2 salamanders (Snake:4)
  16 manticores
  12 fauns
  2 cyclopes (D:15)
  8 ugly things
  7 elephants
  25 naga magi
  An ice statue (IceCv)
  28 black mambas
  5 merfolk sirens
  A molten gargoyle (Lair:6)
  2 centaur zombies
  4 water nymphs
  3 guardian serpents
  3 centaur skeletons
  7 gargoyles
  14 spiny frogs
  4 komodo dragons
  7 yaktaurs
  3 rime drakes
  A rime drake (shapeshifter) (D:15)
  2 tengu conjurers
  5 kobold demonologists
  11 freezing wraiths
  A queen bee (D:9)
  11 merfolk
  8 trolls
  2 hornets
  2 wind drakes
  11 blink frogs
  6 slime creatures
  4 snapping turtles
  A raiju (shapeshifter) (D:15)
  A spriggan (D:7)
  13 hippogriffs
  5 water elementals
  7 wraiths
  3 vampires
  6 wyverns
  3 fire elementals (D:12)
  21 humans (D:14)
  51 yaks
  2 hogs (D:13)
  2 hungry ghosts
  3 basilisks
  2 death yak simulacra (IceCv)
  3 wargs
  3 acid dragons
  44 nagas
  13 water moccasins
  2 hell hounds (D:12)
  5 porcupines
  8 ice beasts
  3 phantoms
  5 black bears
  4 sky beasts
  32 orc warriors
  3 boggarts (D:14)
  4 wolves (Lair:4)
  4 necrophages (D:10)
  16 ogres
  14 centaurs
  9 big kobolds
  11 crocodiles
  20 bullfrogs
  10 scorpions
  2 wyvern skeletons
  A water moccasin skeleton (D:10)
  20 killer bees
  A swamp dragon simulacrum (IceCv)
  3 wights (D:10)
  12 crimson imps
  3 quasits
  3 bullfrog zombies
  4 draconian simulacra (IceCv)
  17 jellies
  30 orc priests
  2 bullfrog skeletons
  5 hounds
  36 orc wizards
  An iguana (D:9)
  3 troll simulacra (IceCv)
  A spriggan simulacrum (IceCv)
  11 worker ants
  2 killer bee zombies (D:10)
  A wolf simulacrum (IceCv)
  5 big kobold zombies (Ossuary)
  6 centaur simulacra (IceCv)
  4 hound zombies
  3 mummies
  3 worker ant zombies
  7 gnolls
  2 naga simulacra (IceCv)
  23 adders
  2 howler monkey skeletons
  5 river rats (Sewer)
  A hound simulacrum (D:9)
  4 ogre simulacra (IceCv)
  4 shadow imps
  12 white imps (IceCv)
  5 oozes
  3 adder zombies
  An adder skeleton (D:8)
  4 worms
  2 dart slugs
  6 leopard geckos
  78 orcs
  5 spectral bats (Ossuary)
  6 ball pythons
  3 bat simulacra (Ossuary)
  4 giant cockroaches
  7 gnoll zombies (Ossuary)
  5 hobgoblins
  12 jackals
  5 quokkas
  8 bats
  4 frilled lizards
  8 goblins
  2 goblin simulacra (Ossuary)
  7 goblin zombies
  5 hobgoblin zombies
  51 kobolds
  3 kobold simulacra (Ossuary)
  3 kobold zombies (Ossuary)
  5 orc zombies (Ossuary)
  27 rats
  6 rat simulacra (Ossuary)
  2 spectral goblins (Ossuary)
  3 spectral kobolds (Ossuary)
  A spectral rat (Ossuary)
  3 fungi (D:10)
  5 plants
  7 tentacles
  A withered plant (D:10)
1231 creatures vanquished.

Vanquished Creatures (others)
  A naga sharpshooter (Snake:4)
  A naga mage (Snake:4)
  2 nagas
  A water moccasin (Lair:3)
  A bullfrog (Lair:3)
  A hound (D:13)
  2 adders (Lair:3)
  An orc (Orc:2)
  A ball python (Snake:4)
  5 fungi
  5 plants
  11 tentacles
  2 withered plants (Shoals:2)
34 creatures vanquished.

Grand Total: 1265 creatures vanquished

Notes
Turn   | Place    | Note
-------+----------+-------------------------------------------
     0 | D:1      | funkygono the Gargoyle Fighter began the quest for the Orb.
     0 | D:1      | Reached XP level 1. HP: 14/14 MP: 1/1
   148 | D:1      | Reached XP level 2. HP: 19/19 MP: 2/2
   539 | D:1      | Reached XP level 3. HP: 22/23 MP: 3/3
  1377 | D:2      | Reached XP level 4. HP: 25/28 MP: 4/4
  1767 | D:2      | Found a sacrificial altar of Ru.
  2211 | D:3      | Found an opulent altar of Gozag.
  2373 | D:3      | Reached skill level 1 in Throwing
  2373 | D:3      | Reached XP level 5. HP: 28/33 MP: 5/5
  2559 | D:3      | Found a glowing drain.
  2593 | Sewer    | Entered a sewer
  2625 | Sewer    | Reached skill level 4 in Shields
  3294 | Sewer    | Reached skill level 1 in Dodging
  3294 | Sewer    | Reached XP level 6. HP: 35/38 MP: 6/6
  4321 | D:4      | Noticed a phantom
  4338 | D:4      | Killed a phantom
  4338 | D:4      | Reached XP level 7. HP: 43/43 MP: 7/7
  4440 | D:4      | Reached skill level 1 in Crossbows
  4665 | D:4      | Reached skill level 5 in Shields
  4891 | D:4      | Found a sand-covered staircase.
  4929 | Ossuary  | Entered an ossuary
  5289 | Ossuary  | Reached skill level 5 in Maces & Flails
  5598 | Ossuary  | Reached XP level 8. HP: 43/48 MP: 8/8
  5894 | D:4      | Reached skill level 5 in Armour
  5970 | D:4      | Found a staircase to the Ecumenical Temple.
  5996 | Temple   | Entered the Ecumenical Temple
  6200 | D:4      | Noticed a hippogriff
  6210 | D:4      | Killed a hippogriff
  6255 | D:4      | Identified the Tome of Augmentations and Feathers
  6628 | D:4      | Found Nykauhim's Antique Armour Boutique.
  6655 | D:4      | Found a glowing silver altar of Zin.
  6880 | D:4      | Bought a runed chain mail for 120 gold pieces
  6921 | D:5      | Entered Level 5 of the Dungeon
  6991 | D:5      | Reached skill level 5 in Fighting
  6991 | D:5      | Reached skill level 6 in Shields
  7027 | D:5      | Found a blossoming altar of Fedhas.
  7232 | D:5      | Reached XP level 9. HP: 54/54 MP: 9/9
  7816 | D:5      | Found a shimmering altar of Xom.
  7950 | D:6      | Found a sparkling altar of Nemelex Xobeh.
  7967 | D:6      | Found a glowing silver altar of Zin.
  8073 | D:6      | Found an ancient bone altar of Kikubaaqudgha.
  8339 | D:6      | Found a hazy altar of Hepliaklqana.
  8364 | D:6      | Found an iron altar of Okawaru.
  8468 | D:6      | Became a worshipper of Warmaster Okawaru
  9303 | D:7      | Reached skill level 5 in Crossbows
  9520 | D:8      | Noticed a two-headed ogre
  9557 | D:8      | Reached * piety under Okawaru
  9662 | D:8      | Noticed a gargoyle
  9696 | D:8      | Killed a gargoyle
  9854 | D:8      | Noticed a gargoyle
  9906 | D:8      | Killed a gargoyle
  9906 | D:8      | Reached skill level 7 in Shields
  9906 | D:8      | Reached XP level 10. HP: 30/61 MP: 7/10
 10061 | D:8      | Noticed a gargoyle
 10104 | D:8      | Killed a gargoyle
 10104 | D:8      | Reached ** piety under Okawaru
 10184 | D:8      | Noticed a gargoyle
 10214 | D:8      | Killed a gargoyle
 10338 | D:8      | Noticed a gargoyle
 10357 | D:8      | Killed a gargoyle
 10403 | D:8      | Found Ovokhlir's Magic Scroll Shop.
 10431 | D:8      | Killed a two-headed ogre
 10431 | D:8      | Reached *** piety under Okawaru
 10431 | D:8      | Reached skill level 8 in Shields
 10431 | D:8      | Reached skill level 1 in Invocations
 10993 | D:9      | Received a gift from Okawaru
 11109 | D:9      | Found a transporter.
 11122 | D:9      | Noticed a centaur warrior
 11124 | D:9      | Noticed an obsidian statue
 11150 | D:9      | Noticed a +0 hand axe
 11150 | D:9      | Noticed a +0 hand axe
 11152 | D:9      | Found a hide-covered altar of Uskayaw.
 11204 | D:9      | Found a transporter.
 11231 | D:9      | Reached XP level 11. HP: 67/67 MP: 12/12
 11585 | D:9      | Reached **** piety under Okawaru
 11723 | D:9      | Received a gift from Okawaru
 11978 | D:9      | Reached skill level 9 in Shields
 12485 | D:4      | Bought a runed kite shield for 120 gold pieces
 12612 | D:10     | Entered Level 10 of the Dungeon
 12968 | D:10     | Found a stormy altar of Qazlal.
 13133 | D:10     | Received a gift from Okawaru
 13163 | D:10     | Found a staircase to the Lair.
 13181 | D:10     | Noticed a death yak
 13195 | D:10     | Killed a death yak
 13332 | D:10     | Got a heavily runed gossamer ring
 13457 | D:10     | Noticed Fannar
 13481 | D:10     | Noticed a green ugly thing
 13508 | D:10     | Killed Fannar
 13530 | D:10     | Reached skill level 10 in Shields
 13554 | D:10     | Killed a green ugly thing
 13564 | D:10     | Received a gift from Okawaru
 13735 | D:10     | Reached XP level 12. HP: 47/74 MP: 12/14
 14524 | D:10     | Identified the ring of Enygi {rPois rC+ MR+ Dex+6} (You
                  | found it on level 10 of the Dungeon)
 14581 | Lair:1   | Entered Level 1 of the Lair of Beasts
 14888 | Lair:1   | Got a crude mace
 14903 | Lair:1   | Identified the cursed +0 mace of the Inferno {flame, rPois
                  | MP+9 Int+4} (You found it on level 1 of the Lair of Beasts)
 15030 | Lair:1   | Got an ancient steel ring
 15039 | Lair:1   | Got a scorched hand axe
 15182 | Lair:1   | Reached skill level 11 in Shields
 15444 | Lair:1   | Identified the ring of the Cuttlefish {+Fly Str+3} (You
                  | found it on level 1 of the Lair of Beasts)
 15534 | Lair:2   | Reached skill level 10 in Maces & Flails
 15874 | Lair:2   | Received a gift from Okawaru
 16268 | Lair:3   | Found a staircase to the Shoals.
 16310 | Lair:3   | Reached ***** piety under Okawaru
 16316 | Lair:3   | Reached skill level 10 in Crossbows
 16430 | Lair:3   | Found a staircase to the Snake Pit.
 16469 | Lair:3   | Received a gift from Okawaru
 16550 | Lair:3   | Noticed a five-headed hydra
 16553 | Lair:3   | Reached XP level 13. HP: 81/81 MP: 15/15
 16576 | Lair:3   | Received a gift from Okawaru
 16890 | Lair:3   | Learned a level 1 spell: Sandblast
 17105 | Lair:3   | Identified the +4 hand axe of the Slicing Jester
                  | {antimagic, +Blink} (You found it on level 1 of the Lair of
                  | Beasts)
 17272 | Lair:4   | Reached skill level 10 in Fighting
 17352 | Lair:4   | Reached skill level 12 in Shields
 17377 | Lair:4   | Received a gift from Okawaru
 17778 | Lair:4   | Received a gift from Okawaru
 18862 | Lair:6   | Entered Level 6 of the Lair of Beasts
 19193 | Lair:6   | Received a gift from Okawaru
 19227 | Lair:6   | Reached skill level 13 in Shields
 19244 | Lair:6   | HP: 4/83 [spiny frog (13)]
 19399 | Lair:6   | Found a staircase to the Slime Pits.
 19540 | Lair:6   | Received a gift from Okawaru
 19540 | Lair:6   | Gained mutation: Your large and strong wings let you fly
                  | indefinitely. [Gargoyle growth]
 19540 | Lair:6   | Reached XP level 14. HP: 76/88 MP: 14/17
 20868 | D:11     | Noticed Snorg
 20881 | D:11     | Killed Snorg
 21294 | D:11     | Got a ripped robe
 21295 | D:11     | Identified the cursed +0 robe "Dankacak" {+Blink MR++
                  | Int-3} (You found it on level 11 of the Dungeon)
 21637 | D:11     | Reached skill level 14 in Shields
 22106 | D:12     | Received a gift from Okawaru
 22199 | D:12     | Noticed Azrael
 22298 | D:12     | Killed Azrael
 22298 | D:12     | Received a gift from Okawaru
 22301 | D:12     | Got a masterwork hand crossbow {god gift}
 22302 | D:12     | Identified the +11 hand crossbow "Cyavosuv" {penet, rElec}
                  | (Okawaru gifted it to you on level 12 of the Dungeon)
 22690 | D:12     | Found a staircase to the Orcish Mines.
 22705 | D:12     | Found a roughly hewn altar of Beogh.
 23135 | Orc:1    | Entered Level 1 of the Orcish Mines
 23171 | Orc:1    | Found a frozen archway.
 23179 | IceCv    | Entered an ice cave
 23559 | IceCv    | Reached skill level 5 in Dodging
 23602 | IceCv    | Found an ancient bone altar of Kikubaaqudgha.
 23766 | IceCv    | Reached XP level 15. HP: 96/96 MP: 18/18
 24131 | Orc:2    | Entered Level 2 of the Orcish Mines
 24182 | Orc:2    | Found Visin's Distillery.
 24182 | Orc:2    | Found Cemoboip's Food Emporium.
 24206 | Orc:2    | Found Siwusirch's Magic Scroll Emporium.
 24232 | Orc:2    | Reached skill level 15 in Shields
 24265 | Orc:2    | Found Yrghib's Weapon Shoppe.
 24522 | Orc:2    | Found a staircase to the Elven Halls.
 24860 | Orc:2    | Noticed Erolcha
 24864 | Orc:2    | Killed Erolcha
 24864 | Orc:2    | Reached skill level 5 in Invocations
 25244 | Orc:1    | Noticed Harold
 25296 | Orc:1    | Killed Harold
 25384 | Orc:1    | Found a roughly hewn altar of Beogh.
 26222 | D:13     | Found a sacrificial altar of Ru.
 26767 | D:13     | Reached skill level 10 in Armour
 26792 | D:13     | Noticed Kirke
 26793 | D:13     | Noticed Jorgrun
 26806 | D:13     | Noticed Rupert
 26831 | D:13     | Noticed Josephine
 26841 | D:13     | Killed Rupert
 26916 | D:13     | Killed Kirke
 26936 | D:13     | Killed Jorgrun
 26936 | D:13     | Reached skill level 16 in Shields
 26945 | D:13     | Killed Josephine
 26945 | D:13     | Received a gift from Okawaru
 26958 | D:13     | Got a scorched hand crossbow {god gift}
 26981 | D:13     | Identified the +11 hand crossbow of Fotzo {speed, Str+3
                  | Int+4} (Okawaru gifted it to you on level 13 of the
                  | Dungeon)
 28134 | Snake:1  | Entered Level 1 of the Snake Pit
 28152 | Snake:1  | Upgraded the game from 0.25.1-8-g42b30a86e7 to
                  | 0.25.1-9-gc5326a611f
 28222 | Snake:1  | Received a gift from Okawaru
 28795 | Snake:1  | Reached XP level 16. HP: 103/103 MP: 15/19
 29302 | Snake:2  | Found a shattered altar of Ashenzari.
 30363 | Snake:3  | Reached skill level 17 in Shields
 30725 | Snake:3  | Noticed a nagaraja
 30729 | Snake:3  | Received a gift from Okawaru
 30753 | Snake:3  | Killed a nagaraja
 31146 | Snake:4  | Entered Level 4 of the Snake Pit
 31314 | Snake:4  | Found a gateway to a bazaar.
 31336 | Snake:4  | Noticed a nagaraja
 31344 | Snake:4  | Killed a nagaraja
 31712 | Bazaar   | Entered a bazaar
 31732 | Bazaar   | Found Kahadot's Antique Weapon Shop.
 31737 | Bazaar   | Bought a jewelled demon whip for 440 gold pieces
 31747 | Bazaar   | Found Yrasae's Magic Scroll Shop.
 31776 | Bazaar   | Found Sujof's Armour Shop.
 31776 | Bazaar   | Found Cuyw's Gadget Boutique.
 31788 | Bazaar   | Identified the +7 demon whip of Calculation {flame, rC-
                  | Str+9 Int+6 Stlth+} (You bought it in a shop in a bazaar)
 31836 | Bazaar   | Bought a scroll of enchant armour for 112 gold pieces
 31870 | Snake:4  | Received a gift from Okawaru
 31972 | Snake:4  | Noticed a nagaraja
 31974 | Snake:4  | Noticed a nagaraja
 32005 | Snake:4  | Received a gift from Okawaru
 32014 | Snake:4  | Killed a nagaraja
 32014 | Snake:4  | Reached XP level 17. HP: 91/112 MP: 21/21
 32024 | Snake:4  | Reached skill level 18 in Shields
 32027 | Snake:4  | Received a gift from Okawaru
 32045 | Snake:4  | Reached skill level 15 in Fighting
 32087 | Snake:4  | Received a gift from Okawaru
 32306 | Snake:4  | Got a steaming plate armour {god gift}
 32311 | Snake:4  | Identified the +0 plate armour of the Maze {rN+ Stlth+}
                  | (Okawaru gifted it to you on level 4 of the Snake Pit)
 32597 | Snake:4  | Got a serpentine rune of Zot
 33096 | D:14     | Noticed Frances
 33110 | D:14     | Killed Frances
 33249 | D:14     | Found a basalt altar of Yredelemnul.
 33346 | D:14     | Received a gift from Okawaru
 33351 | D:14     | Got a heavily runed cloak {god gift}
 33352 | D:14     | Identified the +2 cloak "Pures" {+Fly Regen+ Str-3}
                  | (Okawaru gifted it to you on level 14 of the Dungeon)
 33413 | D:14     | Found a gate to the Vaults.
 33760 | D:14     | Found Ivinair's Armour Boutique.
 33921 | D:15     | Entered Level 15 of the Dungeon
 33974 | D:15     | Reached skill level 19 in Shields
 34410 | D:15     | Found a portal to a secret trove of treasure.
 34783 | D:15     | Found a staircase to the Depths.
 34904 | D:15     | Reached XP level 18. HP: 122/122 MP: 22/22
 35546 | Shoals:1 | Entered Level 1 of the Shoals
 36088 | Shoals:1 | Received a gift from Okawaru
 36328 | Shoals:1 | Reached ****** piety under Okawaru
 36666 | Shoals:2 | Noticed Ilsuiw
 36722 | Shoals:2 | Killed Ilsuiw
 36853 | Shoals:2 | Found Nygiprig's Armour Shop.
 36930 | Shoals:2 | Found Zeurilot's General Store.
 37025 | Shoals:2 | Found Harobe's Gadget Shop.
 37271 | Shoals:2 | Found a runed translucent door.
 37271 | Shoals:2 | Noticed Witt's ghost (adept GrFi)
 37785 | Shoals:2 | Killed Witt's ghost
 38029 | Shoals:3 | Received a gift from Okawaru
 38047 | Shoals:3 | HP: 2/124 [snapping turtle (14)]
 38050 | Shoals:3 | Mangled by a snapping turtle

Illustrated notes

Levels and vault maps discovered:
D:1:      dpeg_arrival_circle_labyrinth_b, layout_loops_ring
D:2:      layout_loops_corners, lemuel_crystal_altar, minmay_tiny_reverse_x
D:3:      layout_basic, grunt_gozag_statues, portal_sewer_entry_b
D:4:      layout_basic, kennysheep_mini_moat, temple_statues, serial_shops,
          kennysheep_little_box, nicolae_ossuary_entry_giza, first_ration,
          minmay_manual_monolith
D:5:      layout_basic, fedhas_ov_isle_minmay, tgw_xom
D:6:      layout_loops_ring, lemuel_doored_altar, kennysheep_mini,
          okawaru_metal_pillars_3, nemelex_xobeh_ov_fountains_minmay,
          basic_altar
D:7:      layout_rooms, the_bakery
D:8:      cheibrodos_statue_roulette, layout_rooms, serial_shops, shop,
          minmay_unpleasant_kobolds
D:9:      gammafunk_sealed_arena, layout_irregular_city,
          dancing_weapons_uskayaw, nicolae_looking_at_the_future
D:10:     minmay_the_grid_four_pointed_star_mashed
          [minmay_the_grid_triangle_9x9_longest,
          minmay_the_grid_triangle_9x9_skeleton,
          minmay_the_grid_triangle_9x9_flanged_cone,
          minmay_the_grid_triangle_9x9_zippers_vertical,
          minmay_the_grid_prize_four_corners_diamond_b], layout_cave_pods,
          david_lair_generic, serial_undead, serial_undead_c, serial_undead_f,
          serial_undead_e, serial_undead_d, serial_undead_b, serial_undead_a,
          chequers_serial_rivers_micro_d, grunt_qazlal_clouds, uniq_fannar
D:11:     layout_loops_cross, uniq_snorg
D:12:     layout_cross, minmay_orc_entry_temple_small, uniq_azrael
D:13:     layout_roguey [special_room_orc], nicolae_ru_sacrificial_ziggurat,
          uniq_rupert, uniq_josephine, uniq_kirke, uniq_jorgrun
D:14:     layout_rooms, grunt_vaults_entry_tiered, old_standard_altar,
          serial_shops, shop, uniq_frances
D:15:     grunt_enter_depths_hoard, layout_basic, serial_bayou_pond_d,
          nicolae_trove_entry_crossroad, minmay_misc_feat_iff, evilmike_butchery
Temple:   chequers_temple_sunken
Lair:1:   layout_chaotic_city, serial_bayou_shore_b, lemuel_fruit_fields,
          minmay_lair_oklob_chamber, serial_bayou_shore_b
Lair:2:   layout_long_grid, minmay_holes
Lair:3:   layout_roguey, minmay_shoals_entry_beasts,
          minmay_snake_entry_six_corridors, lemuel_old_faithful,
          infiniplex_staircase_pool
Lair:4:   layout_long_grid
Lair:5:   layout_gridlike, serial_bayou_shore_b
Lair:6:   evilmike_catoblepas_cave, layout_gridlike,
          minmay_slime_entry_jelly_boxes, chequers_serial_rivers_small_a,
          minmay_hedge_maze, serial_bayou_shore_b
Shoals:1: layout_shoals, yaktaur_hedge
Shoals:2: cheibrodos_shoals_roost, layout_shoals, serial_shops, shop, shop,
          shop, gammafunk_ghost_grave, uniq_ilsuiw
Shoals:3: layout_shoals, gammafunk_ghost_arena, serial_shops,
          nicolae_shop_crystal, abandoned_shop
Snake:1:  layout_rooms, grunt_ministairs_2
Snake:2:  layout_gridlike, basic_altar
Snake:3:  layout_rooms, serial_bayou_pond_d
Snake:4:  snake_pit, layout_misc_corridors, serial_shops, bzr_entry_islet,
          minmay_snake_pond, serial_bayou_shore_b
Orc:1:    layout_caves, portal_ice_cave_entry_pillars_1, bh_open_orc_temple,
          uniq_harold
Orc:2:    st_orc_mages, layout_caves, uniq_erolcha

Skill      XL: |  1  2  3  4  5  6  7  8  9 10 11 12 13 14 15 16 17 18 |
---------------+-------------------------------------------------------+-----
Armour         | 4 5 6 7 8 9 10 11 12 | 12.1
Maces & Flails | 3 4 5 6 7 8 9 10 11 12 13 | 13.9
Throwing       | 1 |  1.6
Shields        | 4 5 6 7 8 10 11 13 14 16 17 19 | 19.8
Dodging        | 1 2 3 4 5 6 |  6.1
Fighting       | 4 5 6 7 8 9 10 11 12 14 16 17 | 17.6
Crossbows      | 1 3 6 7 8 10 11 12 | 12.3
Invocations    | 1 2 3 4 5 6 |  6.5
Evocations     | |  0.2

Action                   |  1- 3 |  4- 6 |  7- 9 | 10-12 | 13-15 | 16-18 || total
-------------------------+-------+-------+-------+-------+-------+-------++-------
Melee: Flail             |    87 |   321 |       |       |       |       ||   408
       Whip              |       |     6 |   738 |   974 |  2000 |   476 ||  4194
       Mace              |       |       |       |    53 |    33 |       ||    86
       Demon whip        |       |       |       |       |       |   726 ||   726
 Fire: Hand crossbow     |       |     5 |   139 |   293 |   526 |   583 ||  1546
Throw: Dart              |    18 |    54 |       |       |       |       ||    72
       Stone             |     3 |       |       |       |       |       ||     3
Invok: Heroism           |       |       |     2 |    34 |    57 |    20 ||   113
       Finesse           |       |       |       |       |     4 |     6 ||    10
 Abil: Fly               |       |       |       |       |     1 |       ||     1
Evoke: Wand              |       |       |       |       |     3 |     2 ||     5
  Use: Scroll            |     4 |     7 |    19 |    10 |    12 |    15 ||    67
       Potion            |       |       |     4 |       |    13 |     5 ||    22
 Stab: Invisible         |       |       |       |       |     5 |       ||     5
       Confused          |       |       |       |       |       |     1 ||     1
  Eat: Chunk             |     1 |    11 |    11 |    12 |    30 |     7 ||    72
       Ration            |       |       |     2 |     3 |     4 |     6 ||    15
Armor: Scale mail        |    15 |     3 |   158 |       |       |       ||   176
       Ring mail         |    13 |   201 |       |       |       |       ||   214
       Chain mail        |       |       |    80 |   270 |   805 |   273 ||  1428
Dodge: Dodged            |    42 |   179 |   137 |   218 |   545 |   215 ||  1336
Block: Kite shield       |    53 |   209 |   284 |   490 |  1717 |  1162 ||  3915
       Reflection        |       |       |       |       |    12 |   181 ||   193
